 Dungeon Crawl Stone Soup version 0.31-a0-744-gbc345e7fcb (webtiles) character file.

Game seed: 9585019651508554210

101 Dittersdorf the Trooper (level 4, -1/29 HPs)
             Began as a Gargoyle Fighter on Sept 13, 2023.
             Slain by an orc wizard
             ... wielding a +0 dagger
              (3 damage)
             ... on level 3 of the Dungeon.
             The game lasted 00:03:36 (2534 turns).

Dittersdorf the Trooper (Gargoyle Fighter)          Turns: 2534, Time: 00:03:37

Health: -1/29      AC: 11    Str: 22    XL:     4   Next: 75%
Magic:  4/4        EV:  9    Int: 14    God:
Gold:   69         SH:  4    Dex:  9    Spells: 3/3 levels left

rFire   . . .        a - +0 flail
rCold   . . .        c - +0 buckler
rNeg    + . .        b - +0 scale mail
rPois   ∞            s - +0 helmet
rElec   +            (no cloak)
rCorr   .            (no gloves)
SInv    +            (no boots)
Will    .....        (no amulet) Stlth
                     g - +6 ring of intelligence
HPRegen 0.24/turn    h - ring of see invisible
MPRegen 0.09/turn

%: no passive effects
@: mighty
A: sickness immunity, AC +3, negative energy resistance 1, electricity
resistance, torment resistance 1, petrification resistance
a: no special abilities


You were on level 3 of the Dungeon.
You visited 1 branch of the dungeon, and saw 4 of its levels.

You collected 69 gold pieces.

Inventory:

Hand Weapons
 a - a +0 flail (weapon)
Missiles
 n - 2 poisoned darts (quivered)
Armour
 b - a +0 scale mail (worn)
 c - a +0 buckler (worn)
 s - a +0 helmet (worn)
Jewellery
 g - a +6 ring of intelligence (left hand)
 h - a ring of see invisible (right hand)
 o - a ring of willpower
Scrolls
 f - a scroll of teleportation {unknown}
 i - 2 scrolls of immolation {unknown}
 j - 2 scrolls of amnesia {unknown}
 k - a scroll of torment {unknown}
 l - a scroll of revelation {unknown}
 m - a scroll of enchant weapon {unknown}
 q - a scroll of identify {unknown}
 r - a scroll of blinking {unknown}
Potions
 e - 2 potions of degeneration {unknown}
 p - 2 potions of heal wounds {unknown}
 t - a potion of attraction {unknown}


   Skills:
 + Level 4.1 Fighting
 + Level 2.9 Maces & Flails
 + Level 4.0 Armour
 + Level 4.1 Shields


You had 3 spell levels left.
You didn't know any spells.
Your spell library was empty.

Dungeon Overview and Level Annotations

Branches:
Dungeon (4/15)
 Temple: D:4-7

Altars:

Shops:
D:3 [


Innate Abilities, Weirdness & Mutations

You are immune to sickness and miasma.
Your stone body is resilient. (AC +3)
You are immune to poison.
You resist negative energy. (rN+)
You are resistant to electric shocks. (rElec)
You are resistant to unholy torment.
You are immune to petrification.


Message History

a +1 hand axe of freezing; a +0 ring mail; an orc corpse
There is a stone staircase leading down here.
You start resting.
HP restored.
You climb downwards.
The orc priest calls down the wrath of Beogh upon you.
Beogh smites you!
Ouch! That really hurt!
The orc wizard barely misses you.
The orc wizard hits you but does no damage.
The orc wizard barely misses you.
An orc wizard comes into view. It is wielding a +0 dagger.
There is a stone staircase leading up here.
The orc wizard casts a spell at you. The puff of flame hits you!
* * * LOW HITPOINT WARNING * * *
You climb upwards.
There is a stone staircase leading down here.
The orc wizard mumbles some strange words.
The orc wizard flickers and vanishes for a moment.
There is an open door here.
The orc wizard attacks as it pursues you!
The orc wizard hits you with a +0 dagger.
* * * LOW HITPOINT WARNING * * *
You sock the orc wizard!
The orc wizard is heavily wounded.
The orc wizard points at you and mumbles some strange words.
The magic dart hits you.
* * * LOW HITPOINT WARNING * * *
You closely miss the orc wizard.
The orc wizard is heavily wounded.
The orc wizard hits you but does no damage.
You barely miss the orc wizard.
The orc wizard is heavily wounded.
The orc wizard casts a spell at you. The magic dart hits you.
* * * LOW HITPOINT WARNING * * *
You feel very mighty all of a sudden.
The orc wizard hits you with a +0 dagger.
You die...

#.# ####.........# ##...........
#.# #.......###### #.#########.
#.# #.##.##.# #.# #. #.#
#.##.##.### ##+## #. #.#
#.........# ##...## #. #.#
#..###..#.# ##.....## ###.
.<####..###..#.# ##.......## #...
.....#.........###.........###...
..[.............@oo........'.....
.###.##........###>........###...
=# #.#####.#.### ##[......## #...
.# #.# #.### ##.....## #### .#
#.# #.# ##...## .# #.# #.# ##'##
.###.# #.# #.# .....# #.# #.#
.##### #.# ##.##


You could see 2 orc wizards.

Vanquished Creatures
  A hound (D:3)
  2 adders (D:3)
  2 worms (D:3)
  2 dart slugs
  3 orcs (D:3)
  6 ball pythons
  3 endoplasms
  4 goblins
  3 hobgoblins
  3 quokkas (D:2)
  4 bats
  4 frilled lizards
  2 kobolds
  3 rats
42 creatures vanquished.

Notes
Turn   | Place    | Note
-------+----------+-------------------------------------------
     0 | D:1      | Dittersdorf the Gargoyle Fighter began the quest for the
                  | Orb.
     0 | D:1      | Reached XP level 1. HP: 14/14 MP: 1/1
   403 | D:1      | Reached XP level 2. HP: 15/19 MP: 2/2
   852 | D:2      | Identified the +0 robe of the Sun {rPois rF- Int+4}
   960 | D:2      | Reached XP level 3. HP: 20/23 MP: 3/3
  1432 | D:3      | Found Ejubuoc's Antique Armour Shop.
  1717 | D:3      | Reached XP level 4. HP: 18/29 MP: 4/4
  2385 | D:3      | Found a faded altar of an unknown god.
  2533 | D:3      | HP: 1/29 [orc wizard/magic dart (1)]
  2534 | D:3      | Slain by an orc wizard

Illustrated notes

Levels and vault maps discovered:
D:1:      roderic_chinese_lattice_arrival, layout_basic, minivault_27,
          interstate_on_off, minmay_misc_feat_nine_boxes, minmay_tetromino_l2
D:2:      layout_basic, serial_bayou_lake_a
D:3:      layout_loops_corners, serial_shops, nicolae_shop_statue_plus,
          hellmonk_ecumenical_altar_defaced_shrine
D:4:      nicolae_cairo_tiling_large_dashed, layout_loops_ring,
          chequers_serial_rivers_large_a

Skill      XL: |  1  2  3  4 |
---------------+-------------+-----
Fighting       | 4 |  4.1
Shields        | 4 |  4.1
Armour         | 4 |  4.0
Maces & Flails | |  2.9

Action                     |  1- 3 |  4- 6 || total
---------------------------+-------+-------++-------
  Melee: Flail             |   139 |    40 ||   179
    Use: Potion            |       |     1 ||     1
 Armour: Scale mail        |   110 |    34 ||   144
  Dodge: Dodged            |    54 |    16 ||    70
  Block: Buckler           |    44 |     9 ||    53

Table legend: (Time is in decaauts)
 A = Elapsed time spent in this place.
 B = Non-inter-level travel time spent in this place.
 C = Inter-level travel time spent in this place.
 D = Time resting spent in this place.
 E = Time spent auto-exploring this place.
 F = Levels seen in this place.
 G = Mean time per level.
                   A        B        C        D        E       F      G
               +--------+--------+--------+--------+--------+-----+--------+
         Total |   2646 |   2508 |    138 |     68 |   1996 |   4 |  661.5 |
       Dungeon |   2646 |   2508 |    138 |     68 |   1996 |   4 |  661.5 |
               +--------+--------+--------+--------+--------+-----+--------+

Top non-repeatable levels by time:
     D:3: 1140 daAuts
     D:1: 766 daAuts
     D:2: 730 daAuts
     D:4: 9 daAuts
